Map: Dragon Scales LE

Players

KarsaOrlong - Winner!

  • Race: Protoss Protoss
  • League: Diamond
  • Spawn Location: 5:00

AbeFroman

  • Race: Zerg Zerg
  • League: Diamond
  • Spawn Location: 11:00

VOD

Have the link to the VOD?

Description

Time

  • Played on: March 12, 2023, 8:25 p.m.
  • Length: 21:00
Show
View Real Time Build Order
Export as new Build Order

KarsaOrlong Protoss - Winner!

Build Orders: 1 Gate Expand, Oracle Opening 

Get SALT Encoding   

  12  0:00  Probe  
  13  0:12  Probe  
  14  0:20  Pylon  
  14  0:24  Probe  
  15  0:38  Probe (Chrono Boost)  
  15  0:39  Gateway  
  16  0:45  Assimilator  
  17  0:50  Probe (Chrono Boost)  
  17  0:54  Probe (Chrono Boost)  
  18  1:05  Probe  
  19  1:17  Probe  
  20  1:24  Nexus  
  20  1:37  Cybernetics Core  
  20  1:39  Probe  
  21  1:51  Probe  
  21  1:53  Pylon  
  22  1:57  Assimilator  
  22  2:03  Probe  
  23  2:12  Adept (Chrono Boost)  
  26  2:15  Probe  
  26  2:22  Stargate  
  26  2:27  Probe  
  27  2:31  Warp Gate  
  27  2:39  Probe  
  27  2:40  Stalker  
  30  2:48  Probe  
  31  2:52  Probe  
  31  2:54  Gateway  
  32  3:00  Probe  
  32  3:04  Probe  
  34  3:12  Oracle (Chrono Boost), Probe  
  35  3:16  Probe  
  39  3:25  Probe (Chrono Boost)  
  40  3:28  Probe (Chrono Boost)  
  40  3:29  Pylon  
  41  3:37  Twilight Council, Probe (Chrono Boost)  
  41  3:39  Probe (Chrono Boost)  
  41  3:40  Forge  
  43  3:43  Probe (Chrono Boost)  
  43  3:44  Probe (Chrono Boost)  
  45  3:55  Probe x2  
  47  4:12  Blink (Chrono Boost)  
  47  4:15  Protoss Ground Weapons Level 1 (Chrono Boost), Probe x2  
  49  4:27  Probe x2  
  51  4:35  Nexus  
  51  4:38  Pylon  
  51  4:41  Pylon  
  51  4:43  Probe  
  52  4:51  Probe  
  53  4:54  Pylon  
  53  4:56  Oracle (Chrono Boost)  
  56  5:05  Probe x2  
  58  5:11  Shield Battery  
  58  5:16  Gateway  
  58  5:17  Gateway  
  58  5:19  Gateway, Probe x2  
  58  5:25  Assimilator  
  58  5:28  Assimilator  
  58  5:33  Probe x2  
  60  5:45  Photon Cannon, Probe x2  
  60  5:46  Oracle (Chrono Boost)  
  60  5:48  Gateway  
  60  5:49  Charge (Chrono Boost)  
  65  5:51  Stalker  
  65  5:52  Photon Cannon, Stalker  
  65  5:53  Probe  
  65  5:56  Gateway  
  70  5:57  Probe  
  70  5:59  Pylon  
  70  6:01  Gateway  
  71  6:11  Protoss Ground Armor Level 1 (Chrono Boost)  
  71  6:19  Forge  
  71  6:20  Oracle (Chrono Boost), Probe x2  
  76  6:30  Stalker x4  
  84  6:36  Pylon  
  84  6:39  Probe x2  
  86  6:40  Probe  
  86  6:50  Nexus  
  86  6:51  Probe  
  86  6:52  Probe x2  
  89  6:58  Pylon, Stalker x4  
  97  7:03  Zealot x2  
  97  7:05  Protoss Ground Weapons Level 2 (Chrono Boost)  
  101  7:10  Probe  
  101  7:11  Probe x2  
  104  7:15  Photon Cannon  
  104  7:19  Zealot x2  
  108  7:25  Stalker  
  108  7:26  Stalker  
  108  7:28  Stalker  
  114  7:30  Pylon  
  114  7:35  Pylon  
  114  7:37  Pylon  
  99  7:54  Zealot x4  
  99  7:55  Zealot x4  
  113  8:04  Photon Cannon  
  113  8:05  Probe x2  
  115  8:06  Photon Cannon, Shield Battery  
  115  8:08  Probe, Shield Battery  
  116  8:13  Templar Archives  
  116  8:17  Probe  
  117  8:21  Stalker x3  
  117  8:22  Stalker  
  117  8:25  Probe  
  117  8:26  Probe  
  127  8:29  Probe  
  127  8:31  Assimilator  
  127  8:32  Assimilator  
  128  8:35  Oracle  
  127  8:41  Fleet Beacon  
  127  8:44  Probe  
  127  8:45  Probe x2  
  127  8:46  Stargate  
  130  8:56  Photon Cannon  
  130  8:57  Probe  
  130  8:59  Photon Cannon  
  130  9:00  Pylon  
  131  9:02  Shield Battery  
  131  9:07  Robotics Facility  
  131  9:08  Robotics Facility  
  131  9:13  Pylon  
  131  9:15  Zealot x5  
  141  9:23  Protoss Ground Weapons Level 3 (Chrono Boost), Protoss Ground Armor Level 2 (Chrono Boost)  
  141  9:41  High Templar x2  
  141  9:42  Zealot x4  
  141  9:45  Pylon  
  151  9:48  Nexus  
  145  9:55  Zealot x2  
  145  9:57  Archon  
  145  9:59  Tempest  
  154  10:09  Photon Cannon  
  154  10:10  Shield Battery  
  154  10:12  Pylon, Probe x2  
  156  10:14  Assimilator  
  156  10:15  Probe  
  156  10:16  Assimilator  
  157  10:24  Probe  
  158  10:33  Tempest  
  171  10:36  Observer  
  171  10:37  Observer  
  171  10:40  Robotics Bay  
  165  10:42  Robotics Facility  
  165  10:44  Pylon  
  165  10:45  Assimilator  
  165  10:48  Probe x2  
  167  10:51  Assimilator  
  167  10:54  Photon Cannon  
  167  10:56  Photon Cannon  
  167  10:58  Immortal x2  
  175  11:24  Tempest x2  
  185  11:35  Protoss Air Weapons Level 1 (Chrono Boost)  
  185  11:36  Stalker x4  
  185  11:37  Zealot x4  
  167  12:15  High Templar x2  
  169  12:16  Zealot x4  
  169  12:17  Zealot x2  
  169  12:22  Archon  
  181  12:32  Tempest x2  
  189  12:44  Zealot x2  
  189  12:45  Zealot x3  
  189  12:55  Stalker x3  
  159  13:03  Observer x2  
  153  13:14  Zealot x2  
  153  13:15  Oracle x2  
  153  13:16  Zealot x3  
  169  13:28  Protoss Ground Armor Level 3, Protoss Shields Level 1  
  169  13:36  Stargate  
  169  13:38  Stargate  
  169  13:40  Pylon  
  169  13:43  Pylon  
  169  13:44  Gateway  
  169  13:47  Gateway  
  169  13:50  Gateway  
  169  13:51  Gateway  
  169  13:58  Gateway  
  169  14:00  Gateway  
  167  14:04  Gateway  
  167  14:05  Gateway  
  167  14:09  Photon Cannon  
  163  14:10  Shield Battery  
  163  14:12  Zealot x7, Pylon  
  163  14:13  Zealot  
  161  14:34  Zealot  
  161  14:35  Zealot x7  
  175  14:39  Disruptor x2  
  167  15:12  Zealot x9  
  167  15:13  Zealot x7  
  169  15:36  Disruptor x2  
  169  15:37  Tempest  
  169  15:38  Tempest  
  169  15:40  Tempest x2  
  167  15:58  Zealot x5  
  167  15:59  Zealot x10  
  167  16:00  Zealot  
  191  16:24  Disruptor x2  
  197  16:31  Zealot x3  
  186  16:40  Tempest x2  
  186  16:46  Cybernetics Core  
  196  16:53  Protoss Air Weapons Level 2 (Chrono Boost)  
  184  17:03  Nexus  
  184  17:05  Pylon, Stalker x2  
  184  17:06  Stalker x6  
  200  17:09  Assimilator  
  200  17:14  Assimilator  
  194  17:17  Pylon  
  176  17:36  Tempest x4 (Chrono Boost)  
  196  17:40  Protoss Shields Level 2  
  196  17:48  Protoss Air Armor Level 1 (Chrono Boost)  
  187  18:16  Tempest x2 (Chrono Boost)  
  197  18:31  Photon Cannon  
  197  18:33  Photon Cannon  
  197  18:35  Photon Cannon  
  197  18:37  Photon Cannon  
  197  18:38  Shield Battery x2  
  197  18:40  Pylon  
  197  18:42  Pylon  
  197  18:46  Photon Cannon  
  197  18:52  Shield Battery  
  197  19:12  Assimilator  
  197  19:17  Photon Cannon  
  197  19:18  Shield Battery  
  197  19:19  Pylon  
  195  20:04  Void Ray x4  
Show
View Real Time Build Order
Export as new Build Order

AbeFroman Zerg 

Build Orders: Hatch First, Lurkers 

Get SALT Encoding   

  12  0:09  Drone  
  12  0:12  Overlord  
  13  0:17  Drone  
  14  0:30  Drone  
  14  0:32  Drone  
  16  0:49  Hatchery  
  15  0:53  Drone  
  15  0:56  Drone  
  17  1:03  Drone  
  18  1:13  Extractor  
  18  1:16  Spawning Pool  
  18  1:18  Drone  
  17  1:24  Drone  
  18  1:35  Drone  
  19  1:46  Drone  
  20  1:57  Overlord  
  20  2:04  Queen x2  
  20  2:06  Zergling x2  
  25  2:09  Drone  
  25  2:12  Drone  
  27  2:19  Metabolic Boost  
  27  2:22  Drone  
  28  2:28  Drone  
  29  2:30  Drone  
  29  2:33  Drone  
  31  2:39  Drone  
  32  2:45  Hatchery  
  32  2:46  Zergling x2  
  33  2:51  Zergling x2  
  33  2:58  Queen  
  33  3:00  Overlord  
  35  3:12  Drone  
  35  3:22  Drone x6  
  41  3:31  Overlord  
  41  3:38  Overlord  
  41  3:40  Drone x2  
  43  3:50  Queen, Drone x6  
  51  3:56  Queen  
  51  3:59  Drone x3  
  56  4:12  Spore Crawler, Queen  
  56  4:15  Overlord  
  56  4:17  Overlord  
  57  4:23  Spore Crawler  
  56  4:25  Spore Crawler  
  56  4:26  Overlord  
  56  4:27  Drone x2  
  57  4:41  Drone x8  
  65  4:49  Overlord x2  
  65  4:50  Drone  
  65  4:53  Roach Warren  
  65  4:56  Extractor  
  65  4:59  Lair  
  63  5:01  Drone x2  
  63  5:02  Drone  
  63  5:03  Drone  
  67  5:07  Extractor  
  67  5:08  Drone  
  67  5:09  Evolution Chamber  
  67  5:11  Hatchery  
  64  5:22  Extractor  
  64  5:23  Queen  
  65  5:34  Overlord  
  65  5:35  Zerg Melee Weapons Level 1  
  65  5:36  Zergling x2  
  65  5:37  Zergling x8  
  65  5:38  Drone x2  
  65  5:39  Drone  
  73  5:49  Drone x4  
  77  5:58  Glial Reconstitution  
  77  6:07  Hydralisk Den  
  77  6:08  Infestation Pit  
  77  6:09  Drone x8  
  83  6:16  Extractor  
  82  6:27  Drone  
  82  6:28  Drone x3, Extractor  
  82  6:32  Drone x3  
  88  6:33  Overlord  
  88  6:34  Overlord x6  
  88  6:39  Drone x2  
  89  6:51  Hive  
  89  6:52  Hydralisk x5  
  99  6:54  Lurker Den  
  99  6:57  Overseer  
  98  7:06  Hydralisk  
  98  7:07  Hydralisk x3  
  106  7:09  Zergling x12  
  111  7:18  Drone x3  
  114  7:24  Hatchery  
  114  7:28  Drone x4  
  114  7:29  Drone x4  
  121  7:31  Extractor  
  121  7:32  Extractor  
  119  7:40  Zergling x8  
  122  7:46  Hydralisk x5  
  122  7:51  Queen  
  121  7:52  Hydralisk x5  
  133  7:59  Zerg Missile Weapons Level 1  
  133  8:02  Drone x3  
  133  8:05  Extractor  
  135  8:14  Queen  
  135  8:16  Drone x5  
  142  8:20  Overlord x4  
  142  8:23  Lurker x6  
  148  8:29  Seismic Spines  
  148  8:33  Drone x4  
  152  8:51  Drone x12  
  164  9:01  Adrenal Glands  
  164  9:08  Hydralisk x7  
  178  9:17  Spine Crawler  
  177  9:20  Drone x6, Spine Crawler  
  177  9:21  Spine Crawler x2  
  177  9:23  Spine Crawler x2  
  177  9:24  Spine Crawler  
  176  9:25  Spine Crawler  
  176  9:26  Overseer, Spine Crawler  
  176  9:29  Overlord x5  
  176  9:30  Overseer, Overlord  
  176  9:31  Overseer x3  
  174  9:35  Spine Crawler  
  172  9:39  Lurker  
  172  9:40  Lurker  
  174  9:46  Spine Crawler  
  174  9:47  Spine Crawler  
  172  9:54  Hydralisk x10  
  172  9:56  Viper  
  193  10:01  Extractor  
  193  10:03  Extractor  
  191  10:07  Viper, Drone  
  191  10:10  Viper  
  198  10:24  Overseer, Spine Crawler x3  
  198  10:25  Spore Crawler, Spine Crawler  
  198  10:27  Drone  
  198  10:28  Drone x3  
  197  10:30  Spine Crawler  
  197  10:32  Spine Crawler  
  197  10:34  Spine Crawler  
  194  10:38  Viper x2  
  200  10:46  Evolution Chamber  
  200  10:47  Evolution Chamber  
  200  10:48  Evolution Chamber  
  197  10:50  Evolution Chamber  
  197  10:52  Evolution Chamber, Drone x4  
  199  11:03  Lurker x2  
  200  11:16  Spine Crawler  
  200  11:17  Spine Crawler  
  198  11:21  Lurker x4  
  200  11:27  Hatchery  
  192  11:52  Hydralisk  
  192  11:53  Hydralisk x6  
  197  12:02  Hydralisk  
  196  12:25  Adaptive Talons  
  191  12:37  Hydralisk x4  
  191  12:43  Muscular Augments  
  180  12:57  Hydralisk x12  
  180  12:58  Hydralisk x4  
  160  13:11  Hydralisk  
  160  13:12  Hydralisk x4  
  167  13:19  Queen  
  167  13:20  Hydralisk x5  
  175  13:29  Hydralisk x3  
  175  13:31  Zerg Missile Weapons Level 2  
  179  13:37  Spire x2  
  177  13:43  Hydralisk  
  177  13:44  Hydralisk x10  
  199  13:55  Grooved Spines  
  199  13:57  Zerg Melee Weapons Level 2  
  199  13:58  Zerg Ground Armor Level 1  
  199  14:06  Overlord x4  
  199  14:10  Pneumatized Carapace  
  199  14:11  Burrow  
  199  14:13  Overlord  
  199  14:15  Overlord  
  183  14:26  Hydralisk x9  
  183  14:27  Hydralisk x6  
  195  14:38  Zergling x22  
  192  14:42  Hydralisk x2  
  192  14:43  Hydralisk  
  173  14:54  Hydralisk x7  
  173  14:58  Overseer  
  187  15:05  Hydralisk x6  
  196  15:13  Hydralisk x5  
  193  15:19  Overseer x2  
  190  15:26  Zergling x20  
  185  15:45  Zergling x28  
  185  15:48  Greater Spire  
  199  15:50  Zerg Flyer Weapons Level 1  
  199  15:56  Zergling x2  
  187  15:57  Zergling x10  
  173  16:15  Zergling x6  
  173  16:16  Zergling x12  
  163  16:23  Zergling x14  
  153  16:38  Hydralisk x12  
  153  16:48  Hydralisk x2  
  153  16:49  Hydralisk x5  
  153  16:51  Zerg Missile Weapons Level 3  
  153  16:54  Hatchery  
  164  17:01  Corruptor x4  
  169  17:14  Zergling x14  
  162  17:22  Zergling x12  
  121  17:32  Corruptor x3  
  122  17:38  Zergling x8  
  108  17:57  Corruptor x3, Zergling x2  
  106  17:59  Zergling x6  
  106  18:17  Corruptor x3  
  109  18:35  Viper x7  
  127  18:43  Extractor  
  127  18:44  Extractor  
  121  18:48  Corruptor  
  121  18:49  Corruptor x3  
  118  19:17  Brood Lord  
  118  19:18  Brood Lord x3  
Tags
 
Add a new tag
Caveats
  • Supply blocks, unpowered buildings, or Contaminate may cause inaccurate times.
  • Supply counts are checked every 10 seconds.